ESL (28 & UNDER)
KINGSTON IGUANAS @ BUFFALO LIGHTSABRES
08/11/2028
 
TOP OF THE 1ST
Kingston Iguanas batting - Pitching for Buffalo LightSabres : RHP Jorge Madrigal
Pitching: RHP Jorge Madrigal
Batting: RHB Bob Lee 0-0: Swinging Strike
0-1: Ball
1-1: Ball
2-1: Swinging Strike
2-2: Strikes out looking
Batting: RHB Francisco Martínez 0-0: Swinging Strike
0-1: Called Strike
0-2: Ball
1-2: Ball
2-2: Ball
3-2: Strikes out swinging
Batting: LHB Jon Quinn 0-0: Called Strike
0-1: Ball
1-1: Ball
2-1: Ground out U3 (Groundball, 3)
Top of the 1st over - 0 run(s), 0 hit(s), 0 error(s), 0 left on base; Kingston 0 - Buffalo 0
BOTTOM OF THE 1ST
Buffalo LightSabres batting - Pitching for Kingston Iguanas : RHP Matt Hoffman
Pitching: RHP Matt Hoffman
Batting: SHB Jason Mason 0-0: Ball
1-0: Ball
2-0: Called Strike
2-1: Called Strike
2-2: Foul Ball, location: 2F
2-2: Ball
3-2: Base on Balls
Batting: RHB Gabriel Ángel 0-0: Ball
1-0: Ball
2-0: Ball
3-0: Base on Balls
Jason Mason to second
Batting: LHB Garrett King 0-0: Ball
1-0: Swinging Strike
1-1: Ball
2-1: Grounds into double play, 3-6-3 (Groundball, 34)
Jason Mason to third
Batting: LHB Zack Payton 0-0: Ball
1-0: Foul Ball, location: 2F
1-1: Ground out 5-3 (Groundball, 56S)
Bottom of the 1st over - 0 run(s), 0 hit(s), 0 error(s), 1 left on base; Kingston 0 - Buffalo 0
TOP OF THE 2ND
Kingston Iguanas batting - Pitching for Buffalo LightSabres : RHP Jorge Madrigal
Batting: LHB Dusty Wilson 0-0: Ball
1-0: Called Strike
1-1: Swinging Strike
1-2: Strikes out swinging
Batting: RHB Tommy Davenport 0-0: Ball
1-0: Ball
2-0: Called Strike
2-1: Ball
3-1: Swinging Strike
3-2: Ground out 4-3 (Groundball, 4)
Batting: SHB Devin Smith 0-0: Called Strike
0-1: Ball
1-1: SINGLE (Groundball, 4MD)
Batting: RHB Sergio Mata 0-0: Ball
1-0: Ball
2-0: Ball
3-0: Called Strike
3-1: Foul Ball, location: 2F
3-2: Foul Ball, location: 2F
3-2: Foul Ball, location: 2F
3-2: Base on Balls
Devin Smith to second
Batting: RHB Manuel Gómez 0-0: Ground out 1-3 (Groundball, 15)
Top of the 2nd over - 0 run(s), 1 hit(s), 0 error(s), 2 left on base; Kingston 0 - Buffalo 0
BOTTOM OF THE 2ND
Buffalo LightSabres batting - Pitching for Kingston Iguanas : RHP Matt Hoffman
Batting: RHB John Warren 0-0: Ball
1-0: Ball
2-0: Ball
3-0: Base on Balls
Batting: LHB Craig Kenney 0-0: Ball
1-0: Ball
2-0: Fly out, F5 (Popup, 5L)
Batting: RHB Augusto Padilla 0-0: Ball
1-0: Called Strike
1-1: Grounds out, U3 (Groundball, 3L)
Batting: RHB Mike Wagner 0-0: Fly out, F8 (Flyball, 8RS)
Bottom of the 2nd over - 0 run(s), 0 hit(s), 0 error(s), 1 left on base; Kingston 0 - Buffalo 0
TOP OF THE 3RD
Kingston Iguanas batting - Pitching for Buffalo LightSabres : RHP Jorge Madrigal
Batting: SHB John Beach 0-0: Ball
1-0: Ball
2-0: Called Strike
2-1: Ground out 3-1 (Groundball, 34)
Batting: RHB Bob Lee 0-0: Foul Ball, location: 2F
0-1: Ball
1-1: Called Strike
1-2: Foul Ball, location: 2F
1-2: Strikes out swinging
Batting: RHB Francisco Martínez 0-0: Ball
1-0: Called Strike
1-1: Ball
2-1: Called Strike
2-2: Ball
3-2: SINGLE (Line Drive, 89S)
Batting: LHB Jon Quinn 0-0: Foul Ball, location: 2F
0-1: Swinging Strike
0-2: Foul Ball, location: 2F
0-2: Ball
1-2: Ball
2-2: Fly out, F7 (Flyball, 7S)
Top of the 3rd over - 0 run(s), 1 hit(s), 0 error(s), 1 left on base; Kingston 0 - Buffalo 0
BOTTOM OF THE 3RD
Buffalo LightSabres batting - Pitching for Kingston Iguanas : RHP Matt Hoffman
Batting: RHB Pedro Romero 0-0: Ball
1-0: Fly out, F9 (Flyball, 9)
Batting: SHB Jason Mason 0-0: Ball
1-0: Bunt for hit - play at first, batter OUT! 1-3
Batting: RHB Gabriel Ángel 0-0: Ball
1-0: Foul Ball, location: 2F
1-1: Foul Ball, location: 2F
1-2: Ball
2-2: Ball
3-2: Foul Ball, location: 2F
3-2: Foul Ball, location: 2F
3-2: Foul Ball, location: 2F
3-2: Ground out U3 (Groundball, 34S)
Bottom of the 3rd over - 0 run(s), 0 hit(s), 0 error(s), 0 left on base; Kingston 0 - Buffalo 0
TOP OF THE 4TH
Kingston Iguanas batting - Pitching for Buffalo LightSabres : RHP Jorge Madrigal
Batting: LHB Dusty Wilson 0-0: Ball
1-0: Called Strike
1-1: Foul Ball, location: 2F
1-2: Ball
2-2: Ball
3-2: Foul Ball, location: 2F
3-2: SINGLE (Flyball, 8RS)
Batting: RHB Tommy Davenport 0-0: Fly out, F8 (Flyball, 8LM)
Batting: SHB Devin Smith 0-0: Called Strike
0-1: Swinging Strike
0-2: Ball
1-2: Strikes out swinging
Batting: RHB Sergio Mata 0-0: Fly out, F5 (Popup, 56S)
Top of the 4th over - 0 run(s), 1 hit(s), 0 error(s), 1 left on base; Kingston 0 - Buffalo 0
BOTTOM OF THE 4TH
Buffalo LightSabres batting - Pitching for Kingston Iguanas : RHP Matt Hoffman
Batting: LHB Garrett King 0-0: Ball
1-0: Foul Ball, location: 2F
1-1: Foul Ball, location: 2F
1-2: Ground out 3-1 (Groundball, 34S)
Batting: LHB Zack Payton 0-0: Ball
1-0: Ground out U3 (Groundball, 3)
Batting: RHB John Warren 0-0: Swinging Strike
0-1: Ball
1-1: Ground out 4-3 (Groundball, 4)
Bottom of the 4th over - 0 run(s), 0 hit(s), 0 error(s), 0 left on base; Kingston 0 - Buffalo 0
TOP OF THE 5TH
Kingston Iguanas batting - Pitching for Buffalo LightSabres : RHP Jorge Madrigal
Batting: RHB Manuel Gómez 0-0: Ground out 6-3 (Groundball, 56)
Batting: SHB John Beach 0-0: Called Strike
0-1: Swinging Strike
0-2: Foul Ball, location: 2F
0-2: Foul Ball, location: 2F
0-2: Ball
1-2: Strikes out swinging
Batting: RHB Bob Lee 0-0: Called Strike
0-1: Foul Ball, location: 2F
0-2: DOUBLE (Line Drive, 89M)
Batting: RHB Francisco Martínez 0-0: Called Strike
0-1: Ball
1-1: Foul Ball, location: 2F
1-2: Ground out U3 (Groundball, 34S)
Top of the 5th over - 0 run(s), 1 hit(s), 0 error(s), 1 left on base; Kingston 0 - Buffalo 0
BOTTOM OF THE 5TH
Buffalo LightSabres batting - Pitching for Kingston Iguanas : RHP Matt Hoffman
Batting: LHB Craig Kenney 0-0: Called Strike
0-1: Called Strike
0-2: Foul Ball, location: 2F
0-2: Ball
1-2: Ball
2-2: Ball
3-2: Strikes out swinging
Batting: RHB Augusto Padilla 0-0: Foul Ball, location: 2F
0-1: Ball
1-1: Ball
2-1: Ball
3-1: Base on Balls
Batting: RHB Mike Wagner 0-0: Ball
1-0: Ball
2-0: Swinging Strike
2-1: Swinging Strike
2-2: Strikes out swinging
Batting: RHB Pedro Romero 0-0: Foul Ball, location: 2F
0-1: Ball
1-1: Foul Ball, location: 2F
1-2: Ball
2-2: Strikes out swinging
Bottom of the 5th over - 0 run(s), 0 hit(s), 0 error(s), 1 left on base; Kingston 0 - Buffalo 0
TOP OF THE 6TH
Kingston Iguanas batting - Pitching for Buffalo LightSabres : RHP Jorge Madrigal
Batting: LHB Jon Quinn 0-0: Ball
1-0: Called Strike
1-1: Ground out 4-3 (Groundball, 4)
Batting: LHB Dusty Wilson 0-0: Called Strike
0-1: Foul Ball, location: 2F
0-2: Ball
1-2: Ball
2-2: Hit by Pitch
Batting: RHB Tommy Davenport 0-0: Ball
1-0: Called Strike
1-1: Ground out 6-3 (Groundball, 6)
Dusty Wilson to second
Pitching: RHP Travis Whitney
Batting: SHB Devin Smith 0-0: Foul Ball, location: 2F
0-1: Foul Ball, location: 2F
0-2: Ball
1-2: Ball
2-2: Ball
3-2: 2-RUN HOME RUN (Flyball, 9LD), Distance : 360 ft
Batting: RHB Sergio Mata 0-0: Swinging Strike
0-1: Ball
1-1: Called Strike
1-2: Ball
2-2: Strikes out swinging
Top of the 6th over - 2 run(s), 1 hit(s), 0 error(s), 0 left on base; Kingston 2 - Buffalo 0
BOTTOM OF THE 6TH
Buffalo LightSabres batting - Pitching for Kingston Iguanas : RHP Matt Hoffman
Batting: SHB Jason Mason 0-0: Called Strike
0-1: Called Strike
0-2: Fly out, F8 (Flyball, 8LM)
Batting: RHB Gabriel Ángel 0-0: Swinging Strike
0-1: Foul Ball, location: 2F
0-2: Strikes out looking
Batting: LHB Garrett King 0-0: Ball
1-0: SINGLE (Line Drive, 7LS)
Batting: LHB Zack Payton 0-0: Ball
1-0: Fly out, F7 (Flyball, 7LSF)
Bottom of the 6th over - 0 run(s), 1 hit(s), 0 error(s), 1 left on base; Kingston 2 - Buffalo 0
TOP OF THE 7TH
Kingston Iguanas batting - Pitching for Buffalo LightSabres : RHP Travis Whitney
Batting: RHB Manuel Gómez 0-0: Swinging Strike
0-1: Foul Ball, location: 2F
0-2: Fly out, F8 (Line Drive, 8RM)
Batting: SHB John Beach 0-0: Foul Ball, location: 2F
0-1: Ball
1-1: SINGLE (Line Drive, 78S)
Batting: RHB Bob Lee 0-0: Ball
1-0: Ball
2-0: Ball
3-0: Base on Balls
John Beach to second
Batting: RHB Francisco Martínez 0-0: Fly out, F4 (Line Drive, 4M)
Batting: LHB Jon Quinn 0-0: Ball
1-0: Foul Ball, location: 2F
1-1: Fly out, F8 (Flyball, 8RM)
Top of the 7th over - 0 run(s), 1 hit(s), 0 error(s), 2 left on base; Kingston 2 - Buffalo 0
BOTTOM OF THE 7TH
Buffalo LightSabres batting - Pitching for Kingston Iguanas : RHP Matt Hoffman
Batting: RHB John Warren 0-0: Ground out 5-3 (Groundball, 56)
Batting: LHB Craig Kenney 0-0: Called Strike
0-1: Ball
1-1: Ground out U3 (Groundball, 34)
Batting: RHB Augusto Padilla 0-0: SINGLE (Line Drive, 9S)
Batting: RHB Mike Wagner 0-0: Foul Ball, location: 2F
0-1: Ball
Augusto Padilla is caught stealing 2nd base
Bottom of the 7th over - 0 run(s), 1 hit(s), 0 error(s), 0 left on base; Kingston 2 - Buffalo 0
TOP OF THE 8TH
Kingston Iguanas batting - Pitching for Buffalo LightSabres : RHP Travis Whitney
Batting: LHB Dusty Wilson 0-0: Ball
1-0: Ball
2-0: Ball
3-0: Base on Balls
Batting: RHB Tommy Davenport 0-0: Called Strike
0-1: Foul Ball, location: 2F
0-2: Ball
1-2: Strikes out swinging
Batting: SHB Devin Smith 0-0: Ball
1-0: Called Strike
1-1: Ball
2-1: Called Strike
2-2: Strikes out looking
Batting: RHB Sergio Mata 0-0: Ball
1-0: Called Strike
1-1: Foul Ball, location: 2F
1-2: Ball
2-2: SINGLE (Groundball, 6MD)
Dusty Wilson to second
Runner from 2nd tries for 3rd, OUT!
Top of the 8th over - 0 run(s), 1 hit(s), 0 error(s), 1 left on base; Kingston 2 - Buffalo 0
BOTTOM OF THE 8TH
Buffalo LightSabres batting - Pitching for Kingston Iguanas : RHP Matt Hoffman
Batting: RHB Mike Wagner 0-0: Ball
1-0: SINGLE (Line Drive, 4D)
Batting: RHB Pedro Romero 0-0: Ball
1-0: Foul Ball, location: 2F
1-1: Ball
2-1: Fly out, F8 (Flyball, 8LM)
Pitching: RHP Guo-fang Juan
Batting: SHB Jason Mason 0-0: Foul Ball, location: 2F
0-1: Fly out, F8 (Flyball, 8LM)
Batting: RHB Gabriel Ángel 0-0: Foul Ball, location: 2F
0-1: Swinging Strike
0-2: Ball
1-2: Ball
2-2: Foul Ball, location: 2F
2-2: Foul Ball, location: 2F
2-2: Ball
3-2: Foul Ball, location: 2F
3-2: Fly out, F4 (Line Drive, 4)
Bottom of the 8th over - 0 run(s), 1 hit(s), 0 error(s), 1 left on base; Kingston 2 - Buffalo 0
TOP OF THE 9TH
Kingston Iguanas batting - Pitching for Buffalo LightSabres : RHP Travis Whitney
Pitching: RHP Domingo Rodríguez
Batting: RHB Manuel Gómez 0-0: Ground out 6-3 (Groundball, 56)
Batting: SHB John Beach 0-0: Called Strike
0-1: Ball
1-1: Ball
2-1: Swinging Strike
2-2: Foul Ball, location: 2F
2-2: Ball
3-2: Base on Balls
Batting: RHB Bob Lee 0-0: Called Strike
0-1: Ball
1-1: Swinging Strike
1-2: Foul Ball, location: 2F
1-2: Strikes out swinging
Batting: RHB Francisco Martínez 0-0: Fly out, F7 (Line Drive, 7)
Top of the 9th over - 0 run(s), 0 hit(s), 0 error(s), 1 left on base; Kingston 2 - Buffalo 0
BOTTOM OF THE 9TH
Buffalo LightSabres batting - Pitching for Kingston Iguanas : RHP Guo-fang Juan
Batting: LHB Garrett King 0-0: Swinging Strike
0-1: Ground out 4-3 (Groundball, 4)
Batting: LHB Zack Payton 0-0: Ball
1-0: Swinging Strike
1-1: Ball
2-1: Ball
3-1: Swinging Strike
3-2: Foul Ball, location: 2F
3-2: Ground out 4-3 (Groundball, 4)
Batting: RHB John Warren 0-0: Ball
1-0: Ball
2-0: Fly out, F2 (Popup, 25)
Bottom of the 9th over - 0 run(s), 0 hit(s), 0 error(s), 0 left on base; Kingston 2 - Buffalo 0
Tuesday, August 8th, 2017 - OOTP Baseball 17.12 Build 75